[Event "EYTCC U18 Open 2019"]
[Site "Pardubice"]
[Date "2019.07.11"]
[Round "1.29"]
[White "Zarubitski, Viachaslau"]
[Black "Engel, Luis"]
[Result "1/2-1/2"]
[ECO "B52"]
[WhiteElo "2424"]
[BlackElo "2509"]
[Annotator "ChessBase"]
[PlyCount "99"]
[EventDate "2019.07.11"]
[EventType "swiss"]
[EventCountry "CZE"]
[SourceTitle "playchess.com"]
[Source "ChessBase"]
[SourceQuality "1"]
[WhiteTeam "Belarus"]
[BlackTeam "Germany"]
[WhiteTeamCountry "BLR"]
[BlackTeamCountry "GER"]
[TimeControl "40/5400+30:1800+30"]

1. e4 c5 2. Nf3 d6 3. Bb5+ Bd7 4. Bxd7+ Qxd7 5. c4 Nf6 6. Nc3 g6 7. O-O Bg7 8. d4 cxd4 9. Nxd4 O-O 10. f3 Rc8 11. b3 d5 12. exd5 Nxd5 13. Nxd5 e6 14. Bh6 exd5 15. Bxg7 Kxg7 16. cxd5 Qxd5 17. Ne2 Qe5 18. Qd4 Nc6 19. Qxe5+ Nxe5 20. Rac1 b6 21. f4 Ng4 22. h3 Ne3 23. Rfe1 Nd5 24. Red1 Rxc1 25. Rxc1 Re8 26. Kf2 Nb4 27. Rc7 a5 28. a3 Nd3+ 29. Kf1 b5 30. Ra7 b4 31. Rxa5 bxa3 32. Rxa3 h5 33. g3 h4 34. gxh4 Rb8 35. Kg2 Re8 36. Kf3 Ne1+ 37. Kf2 Nd3+ 38. Kf1 Rb8 39. f5 gxf5 40. Nd4 Nc5 41. Ra2 Rb4 42. Nxf5+ Kh7 43. Nd6 Rxh4 44. Rf2 Nxb3 45. Nxf7 Nc5 46. Rf3 Ne6 47. Kg2 Nf4+ 48. Kg3 Rxh3+ 49. Kxf4 Rxf3+ 50. Kxf3 1/2-1/2

[Event "EYTCC U18 Open 2019"]
[Site "Pardubice"]
[Date "2019.07.11"]
[Round "1.30"]
[White "Buckels, Valentin"]
[Black "Lazavik, Denis"]
[Result "1/2-1/2"]
[ECO "D11"]
[WhiteElo "2451"]
[BlackElo "2339"]
[Annotator "ChessBase"]
[PlyCount "186"]
[EventDate "2019.07.11"]
[EventType "swiss"]
[EventCountry "CZE"]
[SourceTitle "playchess.com"]
[Source "ChessBase"]
[SourceQuality "1"]
[WhiteTeam "Germany"]
[BlackTeam "Belarus"]
[WhiteTeamCountry "GER"]
[BlackTeamCountry "BLR"]
[TimeControl "40/5400+30:1800+30"]

1. d4 d5 2. c4 c6 3. Nf3 Nf6 4. g3 Bf5 5. Nc3 e6 6. Nh4 Bg6 7. Nxg6 hxg6 8. Qd3 Nbd7 9. Bg2 Bd6 10. O-O O-O 11. Rd1 dxc4 12. Qxc4 e5 13. Bg5 exd4 14. Qxd4 Be7 15. Bh3 Nb6 16. Qe5 Qe8 17. Qc7 Nfd5 18. Nxd5 Bxg5 19. Nxb6 axb6 20. Bf1 b5 21. Qxb7 Qe6 22. Qd7 Qxd7 23. Rxd7 Bf6 24. Rd2 Ra5 25. e3 Rfa8 26. a3 b4 27. Rc1 bxa3 28. bxa3 Rxa3 29. Rxc6 R3a7 30. Kg2 g5 31. Rdc2 Re8 32. Bb5 Rb8 33. Bd3 Re8 34. Rc8 Ra8 35. R8c7 Be5 36. R7c5 Bf6 37. Bb5 Re7 38. Rc8+ Rxc8 39. Rxc8+ Kh7 40. Bd3+ g6 41. Bc4 Kg7 42. Bd5 Rd7 43. e4 Be5 44. Re8 Bd4 45. f3 Bf6 46. Rc8 Be5 47. Kh3 Bf6 48. Kg4 Re7 49. f4 gxf4 50. gxf4 Rd7 51. Bc6 Ra7 52. h4 Be7 53. Bd5 Rd7 54. Bc4 Bd6 55. Ra8 Be7 56. Re8 Bc5 57. h5 gxh5+ 58. Kxh5 Re7 59. Rc8 Be3 60. f5 Bd4 61. Bd5 Be5 62. Rc1 Re8 63. Kg5 Bf6+ 64. Kg4 Be5 65. Rc6 Bf6 66. Rb6 Re7 67. Kf4 Re8 68. Kf3 Re7 69. Kg4 Re8 70. Rb7 Re7 71. e5 Rxe5 72. Rxf7+ Kh8 73. Be6 Bg7 74. Rd7 Re1 75. Rd8+ Kh7 76. Bg8+ Kh8 77. Bd5+ Kh7 78. Kh5 Bf6 79. Rf8 Bd4 80. Rf7+ Kh8 81. Rd7 Bc3 82. f6 Bxf6 83. Kg6 Be7 84. Ra7 Rg1+ 85. Kf7 Rg7+ 86. Ke6 Kh7 87. Be4+ Kh6 88. Ra1 Bh4 89. Rh1 Kg5 90. Bf5 Kh5 91. Ke5 Kg5 92. Rg1+ Kh6 93. Rxg7 Kxg7 1/2-1/2

[Event "EYTCC U18 Open 2019"]
[Site "Pardubice"]
[Date "2019.07.11"]
[Round "1.31"]
[White "Tsaruk, Maksim"]
[Black "Parvanyan, Ashot"]
[Result "0-1"]
[ECO "C06"]
[WhiteElo "2230"]
[BlackElo "2423"]
[Annotator "NA"]
[PlyCount "98"]
[EventDate "2019.07.11"]
[EventType "swiss"]
[EventCountry "CZE"]
[SourceTitle "playchess.com"]
[Source "ChessBase"]
[SourceQuality "1"]
[WhiteTeam "Belarus"]
[BlackTeam "Germany"]
[WhiteTeamCountry "BLR"]
[BlackTeamCountry "GER"]
[TimeControl "40/5400+30:1800+30"]

1. e4 e6 2. d4 d5 3. Nd2 Nf6 4. e5 Nfd7 5. c3 c5 6. Bd3 Nc6 7. Ne2 cxd4 8. cxd4 f6 9. exf6 Nxf6 10. O-O Bd6 11. Nf3 Qc7 12. h3 O-O 13. Be3 Bd7 14. Rc1 Be8 15. Ng5 Qe7 16. Nf4 Bxf4 17. Bxf4 Ne4 18. Bxe4 Rxf4 19. Bxh7+ Kh8 20. h4 Rxh4 21. Qd2 Rxh7 22. Nxh7 Kxh7 23. Rc3 Bg6 24. Qf4 Rf8 25. Rh3+ Kg8 26. Qh2 Bf5 27. Rh8+ Kf7 28. Qh5+ Bg6 29. Rxf8+ Qxf8 30. Qf3+ Kg8 31. Qxf8+ Kxf8 32. Rd1 Ke7 33. f3 Nb4 34. a3 Nc2 35. Kf2 Kd6 36. f4 Kc6 37. g4 Be4 38. Kg3 Kb5 39. Rd2 Kc4 40. Rh2 Nxd4 41. Kf2 Nf3 42. Rh8 d4 43. Re8 d3 44. Rxe6 d2 45. Rxe4+ Nd4 46. b3+ Kd5 47. Rxd4+ Kxd4 48. Ke2 Ke4 49. f5 Ke5 0-1

[Event "EYTCC U18 Open 2019"]
[Site "Pardubice"]
[Date "2019.07.11"]
[Round "1.32"]
[White "Krastev, Alexander"]
[Black "Runets, Ivan"]
[Result "1/2-1/2"]
[ECO "B31"]
[WhiteElo "2325"]
[BlackElo "2239"]
[Annotator "NA"]
[PlyCount "120"]
[EventDate "2019.07.11"]
[EventType "swiss"]
[EventCountry "CZE"]
[SourceTitle "playchess.com"]
[Source "ChessBase"]
[SourceQuality "1"]
[WhiteTeam "Germany"]
[BlackTeam "Belarus"]
[WhiteTeamCountry "GER"]
[BlackTeamCountry "BLR"]
[TimeControl "40/5400+30:1800+30"]

1. e4 c5 2. Nf3 Nc6 3. Bb5 g6 4. Bxc6 dxc6 5. d3 Bg7 6. O-O b6 7. h3 e5 8. Be3 Ne7 9. Nbd2 O-O 10. a3 a5 11. Qe2 f6 12. Nc4 Be6 13. b3 Qc7 14. a4 g5 15. Nfd2 Ng6 16. Kh2 Rab8 17. g4 Rf7 18. f3 Bf8 19. Qf2 h6 20. Rh1 Rh7 21. Qg3 h5 22. Kg2 Rd8 23. Kf2 Rdd7 24. Rh2 Rh8 25. Rah1 Nh4 26. Nf1 Rdh7 27. Bd2 Qd8 28. Nfe3 Ng6 29. Nf5 b5 30. Nxa5 c4 31. bxc4 bxc4 32. d4 Qb6 33. gxh5 Rxh5 34. h4 Bxf5 35. exf5 Nxh4 36. Qg4 c3 37. Bxc3 exd4 38. Nc4 Qc5 39. Qxd4 Qxf5 40. Qd3 Bc5+ 41. Kf1 Qxd3+ 42. cxd3 Kf7 43. f4 Rd8 44. fxg5 fxg5 45. Ke2 Rh6 46. Rf1+ Kg8 47. Rf6 Rxf6 48. Bxf6 Be7 49. Bxe7 Re8 50. a5 Rxe7+ 51. Kd1 Kg7 52. a6 Ra7 53. Ra2 Nf5 54. Ne5 Ne7 55. Ke2 Kf6 56. Ra5 Ke6 57. Kf3 Kd6 58. Nc4+ Kc7 59. Kg4 Nd5 60. Ra4 Nb6 1/2-1/2

[Event "EYTCC U18 Open 2019"]
[Site "Pardubice"]
[Date "2019.07.11"]
[Round "1.33"]
[White "Gumularz, Szymon"]
[Black "Subelj, Jan"]
[Result "1/2-1/2"]
[ECO "C60"]
[WhiteElo "2502"]
[BlackElo "2425"]
[Annotator "ChessBase"]
[PlyCount "77"]
[EventDate "2019.07.11"]
[EventType "swiss"]
[EventCountry "CZE"]
[SourceTitle "playchess.com"]
[Source "ChessBase"]
[SourceQuality "1"]
[WhiteTeam "Poland"]
[BlackTeam "Slovenia"]
[WhiteTeamCountry "POL"]
[BlackTeamCountry "SLO"]
[TimeControl "40/5400+30:1800+30"]

1. e4 e5 2. Nf3 Nc6 3. Bb5 g6 4. c3 a6 5. Ba4 Bg7 6. d4 b5 7. Bc2 d6 8. a4 Rb8 9. axb5 axb5 10. h3 Bd7 11. Be3 Nf6 12. Nbd2 O-O 13. O-O Re8 14. Re1 b4 15. d5 Ne7 16. c4 c5 17. dxc6 Bxc6 18. Ba4 Qc7 19. Bxc6 Nxc6 20. Ra6 b3 21. Qa1 Nb4 22. Ra7 Qc6 23. Qa4 Qxa4 24. Rxa4 Nd3 25. Rb1 Nd7 26. Ne1 N3c5 27. Ra3 f5 28. f3 fxe4 29. fxe4 Rec8 30. Rc1 h5 31. Kf1 Kh7 32. Ke2 Bh6 33. Nef3 Bxe3 34. Kxe3 Rb4 35. Ng5+ Kg7 36. Ra7 Kf6 37. h4 Ke7 38. Ngf3 Kd8 39. Ng5 1/2-1/2

[Event "EYTCC U18 Open 2019"]
[Site "Pardubice"]
[Date "2019.07.11"]
[Round "1.34"]
[White "Stevanic, David"]
[Black "Teclaf, Pawel"]
[Result "0-1"]
[ECO "C11"]
[WhiteElo "2306"]
[BlackElo "2454"]
[Annotator "ChessBase"]
[PlyCount "148"]
[EventDate "2019.07.11"]
[EventType "swiss"]
[EventCountry "CZE"]
[SourceTitle "playchess.com"]
[Source "ChessBase"]
[SourceQuality "1"]
[WhiteTeam "Slovenia"]
[BlackTeam "Poland"]
[WhiteTeamCountry "SLO"]
[BlackTeamCountry "POL"]
[TimeControl "40/5400+30:1800+30"]

1. e4 e6 2. d4 d5 3. Nc3 Nf6 4. e5 Nfd7 5. f4 c5 6. Nf3 a6 7. Be3 Qb6 8. a3 Nc6 9. Na4 Qa5+ 10. Bd2 Qc7 11. dxc5 Nxc5 12. Nxc5 Bxc5 13. Qe2 b5 14. O-O-O b4 15. a4 b3 16. cxb3 Rb8 17. Qd3 Nb4 18. Bxb4 Rxb4 19. Kb1 Qb6 20. Ka2 Bd7 21. Qxa6 Qb8 22. Rc1 Rb6 23. Qd3 Be7 24. Nd4 O-O 25. Nb5 Bxb5 26. axb5 f6 27. Qe3 fxe5 28. fxe5 Qa7+ 29. Kb1 Ra8 30. Bd3 Qa2+ 31. Kc2 Rc8+ 32. Kd1 Qxb3+ 33. Ke2 Qxb2+ 34. Kf3 Rf8+ 35. Kg3 d4 36. Qe4 Qf2+ 37. Kh3 Rf5 38. Be2 Rf4 39. Rc8+ Bf8 40. Rxf8+ Rxf8 41. Rf1 Qe3+ 42. Qxe3 dxe3 43. Rxf8+ Kxf8 44. Kg4 Rb8 45. Kf4 Rd8 46. Kxe3 Rd5 47. Bc4 Rxe5+ 48. Kd4 Re1 49. b6 Ke7 50. b7 Rb1 51. Ke5 Rxb7 52. Bxe6 Rb5+ 53. Bd5 g5 54. h3 Ra5 55. Kd4 Kf6 56. Bf3 Ra4+ 57. Kd5 Kf5 58. Kd6 Ra7 59. Bg4+ Kf6 60. Bf3 Re7 61. Bg4 Re5 62. Kd7 h6 63. Kd6 Re3 64. Kd7 Rd3+ 65. Ke8 Ra3 66. Bh5 Ra7 67. Bf3 Ke5 68. Kf8 Kf4 69. Kg8 Kg3 70. Kh8 h5 71. Bxh5 Kxg2 72. Bg4 Kg3 73. Kg8 Kh4 74. Kf8 Ra3 0-1

[Event "EYTCC U18 Open 2019"]
[Site "Pardubice"]
[Date "2019.07.11"]
[Round "1.35"]
[White "Kosakowski, Jakub"]
[Black "Tisaj, Domen"]
[Result "1/2-1/2"]
[ECO "B32"]
[WhiteElo "2394"]
[BlackElo "2232"]
[Annotator "NA"]
[PlyCount "91"]
[EventDate "2019.07.11"]
[EventType "swiss"]
[EventCountry "CZE"]
[SourceTitle "playchess.com"]
[Source "ChessBase"]
[SourceQuality "1"]
[WhiteTeam "Poland"]
[BlackTeam "Slovenia"]
[WhiteTeamCountry "POL"]
[BlackTeamCountry "SLO"]
[TimeControl "40/5400+30:1800+30"]

1. e4 c5 2. Nf3 Nc6 3. d4 cxd4 4. Nxd4 e5 5. Nb5 d6 6. N1c3 a6 7. Na3 Be7 8. Be3 Nf6 9. Nc4 b5 10. Nb6 Rb8 11. Nxc8 Qxc8 12. Be2 O-O 13. O-O Rd8 14. a4 d5 15. Nxd5 Nxd5 16. exd5 Nb4 17. axb5 Nxd5 18. Bd2 axb5 19. Bd3 f5 20. Qe2 e4 21. Bxb5 Qxc2 22. Ba5 Qxe2 23. Bxe2 Rdc8 24. Rfc1 Kf8 25. Bc4 Nf4 26. g3 Nd3 27. Bxd3 exd3 28. Rxc8+ Rxc8 29. Bc3 Kf7 30. Ra7 Ke6 31. Kg2 Bf6 32. Kf3 Bxc3 33. bxc3 Rxc3 34. Rxg7 d2+ 35. Ke2 Rf3 36. Rxh7 Rxf2+ 37. Kd1 Rg2 38. Rh8 Kf6 39. Rd8 Rxh2 40. Rxd2 Rh3 41. Rd3 Kg5 42. Ke2 Kg4 43. Rd4+ Kxg3 44. Rd3+ Kg4 45. Rxh3 Kxh3 46. Kf3 1/2-1/2

[Event "EYTCC U18 Open 2019"]
[Site "Pardubice"]
[Date "2019.07.11"]
[Round "1.36"]
[White "Marn, Jan"]
[Black "Chylewski, Patryk"]
[Result "0-1"]
[ECO "E46"]
[WhiteElo "2215"]
[BlackElo "2376"]
[Annotator "NA"]
[PlyCount "74"]
[EventDate "2019.07.11"]
[EventType "swiss"]
[EventCountry "CZE"]
[SourceTitle "playchess.com"]
[Source "ChessBase"]
[SourceQuality "1"]
[WhiteTeam "Slovenia"]
[BlackTeam "Poland"]
[WhiteTeamCountry "SLO"]
[BlackTeamCountry "POL"]
[TimeControl "40/5400+30:1800+30"]

1. d4 Nf6 2. c4 e6 3. Nc3 Bb4 4. e3 O-O 5. Nge2 Re8 6. a3 Bf8 7. Ng3 d5 8. Be2 b6 9. O-O Bb7 10. Bf3 Nbd7 11. e4 dxc4 12. e5 Nd5 13. Bxd5 Bxd5 14. Nxd5 exd5 15. Qg4 c5 16. Bg5 Qc7 17. Nf5 Kh8 18. Bf4 Qc6 19. Nd6 Bxd6 20. exd6 cxd4 21. Rfe1 Nf6 22. Rxe8+ Rxe8 23. Qf5 Qd7 24. Qg5 Qe6 25. f3 Kg8 26. Bg3 Qe3+ 27. Qxe3 dxe3 28. Kf1 d4 29. Rc1 b5 30. a4 a6 31. axb5 axb5 32. Ra1 h6 33. Ra5 d3 34. Ke1 b4 35. Be5 Nd7 36. Bf4 c3 37. bxc3 bxc3 0-1

[Event "EYTCC U18 Open 2019"]
[Site "Pardubice"]
[Date "2019.07.12"]
[Round "2.1"]
[White "Gazik, Viktor"]
[Black "Ozsakallioglu, Okan"]
[Result "1-0"]
[ECO "B75"]
[WhiteElo "2525"]
[BlackElo "2243"]
[Annotator "ChessBase"]
[PlyCount "52"]
[EventDate "2019.07.11"]
[EventType "swiss"]
[EventCountry "CZE"]
[SourceTitle "playchess.com"]
[Source "ChessBase"]
[SourceQuality "1"]
[WhiteTeam "Slovakia"]
[BlackTeam "Turkey"]
[WhiteTeamCountry "SVK"]
[BlackTeamCountry "TUR"]
[TimeControl "40/5400+30:1800+30"]

1. e4 c5 2. Nc3 d6 3. Nf3 Nf6 4. d4 cxd4 5. Nxd4 g6 6. Be3 Bg7 7. f3 a6 8. Qd2 h5 9. Be2 Nbd7 10. O-O b5 11. a4 b4 12. Na2 a5 13. c3 bxc3 14. Nxc3 Bb7 15. Bb5 Rc8 16. Nb3 O-O 17. Rfd1 Ne5 18. Ne2 Ra8 19. Rac1 Nfd7 20. h3 Nf6 21. Ned4 Kh7 22. Qe1 e6 23. Bd2 Bh6 24. Bxa5 Qb8 25. Bc7 Qa7 26. Bxd6 Ng8 1-0

[Event "EYTCC U18 Open 2019"]
[Site "Pardubice"]
[Date "2019.07.12"]
[Round "2.2"]
[White "Ozsakallioglu, Akin"]
[Black "Pechac, Jergus"]
[Result "1/2-1/2"]
[ECO "C48"]
[WhiteElo "1901"]
[BlackElo "2469"]
[Annotator "ChessBase"]
[PlyCount "148"]
[EventDate "2019.07.11"]
[EventType "swiss"]
[EventCountry "CZE"]
[SourceTitle "playchess.com"]
[Source "ChessBase"]
[SourceQuality "1"]
[WhiteTeam "Turkey"]
[BlackTeam "Slovakia"]
[WhiteTeamCountry "TUR"]
[BlackTeamCountry "SVK"]
[TimeControl "40/5400+30:1800+30"]

1. e4 e5 2. Nf3 Nf6 3. Nc3 Nc6 4. Bb5 Nd4 5. Ba4 Nxf3+ 6. Qxf3 Bc5 7. d3 c6 8. h3 O-O 9. Bb3 a5 10. O-O Re8 11. a3 h6 12. Ne2 d5 13. Ng3 Bf8 14. Rd1 Be6 15. c4 Qb6 16. cxd5 Qxb3 17. dxe6 Rxe6 18. d4 Qxf3 19. gxf3 exd4 20. Rxd4 c5 21. Rd3 c4 22. Rc3 Rc8 23. Be3 b5 24. Nf5 b4 25. axb4 axb4 26. Rc2 Nd7 27. Rac1 c3 28. bxc3 b3 29. Re2 Ba3 30. Rd1 Ne5 31. f4 Nc4 32. Bd4 Kh7 33. e5 Kg6 34. Ne3 Nxe3 35. fxe3 Kf5 36. e4+ Kxf4 37. Rf1+ Kg5 38. Rf5+ Kg6 39. Rg2+ Kh7 40. Rxf7 Rg8 41. Rb7 b2 42. c4 Re7 43. Rb3 Rc8 44. Bxb2 Bxb2 45. Rgxb2 Rxc4 46. Rb7 Rxb7 47. Rxb7 Rxe4 48. Re7 Re2 49. Kh1 Kg8 50. e6 Kh7 51. Kg1 Kg6 52. Kh1 Re5 53. Kh2 Re3 54. Kg2 h5 55. Kh2 h4 56. Kg2 Rg3+ 57. Kh2 Kf6 58. Re8 g5 59. Rf8+ Ke7 60. Rf2 Re3 61. Ra2 Kxe6 62. Kg2 Kf5 63. Rf2+ Ke4 64. Ra2 Rg3+ 65. Kh2 Rd3 66. Rg2 Rd5 67. Rg4+ Kf3 68. Kh1 Kf2 69. Kh2 Rf5 70. Rg2+ Ke3 71. Rg4 Ke2 72. Kg2 Re5 73. Kh2 Kf3 74. Kh1 Rd5 1/2-1/2

[Event "EYTCC U18 Open 2019"]
[Site "Pardubice"]
[Date "2019.07.12"]
[Round "2.3"]
[White "Haring, Filip"]
[Black "Ozdemir, Serhan Berat"]
[Result "0-1"]
[ECO "B41"]
[WhiteElo "2334"]
[BlackElo "1985"]
[Annotator "NA"]
[PlyCount "84"]
[EventDate "2019.07.11"]
[EventType "swiss"]
[EventCountry "CZE"]
[SourceTitle "playchess.com"]
[Source "ChessBase"]
[SourceQuality "1"]
[WhiteTeam "Slovakia"]
[BlackTeam "Turkey"]
[WhiteTeamCountry "SVK"]
[BlackTeamCountry "TUR"]
[TimeControl "40/5400+30:1800+30"]

1. e4 c5 2. Nf3 e6 3. d4 cxd4 4. Nxd4 a6 5. c4 Nf6 6. Nc3 Qc7 7. Be2 b6 8. O-O Bb7 9. f3 d6 10. Be3 Be7 11. Rc1 O-O 12. b4 Nbd7 13. Qe1 Rfc8 14. g4 Ne5 15. g5 Nfd7 16. f4 Nc6 17. Nc2 Rab8 18. h4 Qd8 19. Qg3 Ba8 20. h5 Bf8 21. a3 Qe8 22. Ne1 a5 23. Nf3 axb4 24. axb4 d5 25. g6 hxg6 26. hxg6 fxg6 27. cxd5 Nd8 28. Ng5 Bxb4 29. Qh3 Nf8 30. Nb5 Rxc1 31. Rxc1 exd5 32. Rc7 Nde6 33. exd5 Bxd5 34. Ra7 Nxg5 35. fxg5 Bc5 36. Nd4 Ne6 37. Bb5 Nxg5 38. Qg3 Qxe3+ 39. Qxe3 Bxd4 40. Rxg7+ Kh8 41. Re7 Bxe3+ 42. Rxe3 Kg7 0-1

[Event "EYTCC U18 Open 2019"]
[Site "Pardubice"]
[Date "2019.07.12"]
[Round "2.4"]
[White "Buke, Furkan"]
[Black "Sahidi, Samir"]
[Result "1/2-1/2"]
[ECO "C80"]
[WhiteElo "1959"]
[BlackElo "2369"]
[Annotator "NA"]
[PlyCount "146"]
[EventDate "2019.07.11"]
[EventType "swiss"]
[EventCountry "CZE"]
[SourceTitle "playchess.com"]
[Source "ChessBase"]
[SourceQuality "1"]
[WhiteTeam "Turkey"]
[BlackTeam "Slovakia"]
[WhiteTeamCountry "TUR"]
[BlackTeamCountry "SVK"]
[TimeControl "40/5400+30:1800+30"]

1. e4 e5 2. Nf3 Nc6 3. Bb5 a6 4. Ba4 Nf6 5. O-O Nxe4 6. Re1 Nc5 7. Bxc6 dxc6 8. d4 Ne6 9. Nxe5 Be7 10. Be3 O-O 11. Nc3 Bd6 12. Nc4 Bb4 13. Qd3 Re8 14. a3 Bf8 15. Rad1 b6 16. Ne5 Bb7 17. Qf5 Qf6 18. Qxf6 gxf6 19. Ng4 Kg7 20. Bh6+ Kg6 21. Bxf8 Rxf8 22. d5 cxd5 23. Nxd5 f5 24. Ne5+ Kg7 25. Ne3 f4 26. Nf5+ Kf6 27. Nd4 Rad8 28. Nxe6 Rxd1 29. Rxd1 Kxe6 30. Nd3 f3 31. Nf4+ Kf5 32. g3 Re8 33. Kf1 Bc6 34. b3 a5 35. a4 Re5 36. Re1 Be4 37. Rc1 c6 38. c4 b5 39. axb5 cxb5 40. cxb5 Rxb5 41. Ke1 Ke5 42. Rc3 Kd4 43. Rc4+ Ke5 44. Rc3 Kd6 45. Kd2 f5 46. h4 Rb4 47. Ke3 Bc6 48. Kd2 Rb8 49. Ke3 Re8+ 50. Kd2 Re5 51. Rc1 Kc7 52. Re1 Be4 53. Rc1+ Kb7 54. Rc4 Kb6 55. Rd4 Rc5 56. Nd3 Rc7 57. Rd8 Re7 58. Nf4 Kb5 59. Rd4 Bc6 60. Kd1 Re4 61. Rd8 Kb4 62. Kc2 Re7 63. Rd6 Rc7 64. Kb2 Be4 65. Rd4+ Kb5 66. Rd2 Re7 67. Kc3 Ra7 68. Ne6 Kc6 69. Nd4+ Kb6 70. Ne6 Kc6 71. Nd4+ Kb6 72. Ne6 Kb5 73. Nd4+ Kb6 1/2-1/2

[Event "EYTCC U18 Open 2019"]
[Site "Pardubice"]
[Date "2019.07.12"]
[Round "2.5"]
[White "Subelj, Jan"]
[Black "Zarubitski, Viachaslau"]
[Result "0-1"]
[ECO "C42"]
[WhiteElo "2425"]
[BlackElo "2424"]
[Annotator "NA"]
[PlyCount "92"]
[EventDate "2019.07.11"]
[EventType "swiss"]
[EventCountry "CZE"]
[SourceTitle "playchess.com"]
[Source "ChessBase"]
[SourceQuality "1"]
[WhiteTeam "Slovenia"]
[BlackTeam "Belarus"]
[WhiteTeamCountry "SLO"]
[BlackTeamCountry "BLR"]
[TimeControl "40/5400+30:1800+30"]

1. e4 e5 2. Nf3 Nf6 3. Nxe5 d6 4. Nf3 Nxe4 5. c4 Be7 6. Nc3 Nxc3 7. dxc3 O-O 8. Bd3 Nd7 9. Be3 Ne5 10. Nxe5 dxe5 11. Qc2 f5 12. O-O-O Qe8 13. f3 Be6 14. g4 e4 15. fxe4 fxg4 16. Be2 Qg6 17. Kb1 Bg5 18. Bd4 h5 19. Rhf1 Bf4 20. Rf2 Qg5 21. Rg2 c5 22. Bf2 Qe5 23. Bg3 Rad8 24. Rdg1 Rd7 25. Rf1 Rdf7 26. Rd1 Rd7 27. Rf1 g5 28. Rgf2 Rdf7 29. Qd3 Kg7 30. a3 Kh6 31. Rg2 Bxg3 32. Rxf7 Bxf7 33. Qxg3 Qxe4+ 34. Bd3 Qxd3+ 35. Qxd3 Bg6 36. Qxg6+ Kxg6 37. Kc2 h4 38. b4 b6 39. bxc5 bxc5 40. Kd3 g3 41. hxg3 Rf3+ 42. Ke4 Rxg3 43. Rh2 h3 44. Kd5 g4 45. Kxc5 Rg2 46. Rh1 h2 0-1

[Event "EYTCC U18 Open 2019"]
[Site "Pardubice"]
[Date "2019.07.12"]
[Round "2.6"]
[White "Lazavik, Denis"]
[Black "Stevanic, David"]
[Result "1/2-1/2"]
[ECO "E68"]
[WhiteElo "2339"]
[BlackElo "2306"]
[Annotator "NA"]
[PlyCount "125"]
[EventDate "2019.07.11"]
[EventType "swiss"]
[EventCountry "CZE"]
[SourceTitle "playchess.com"]
[Source "ChessBase"]
[SourceQuality "1"]
[WhiteTeam "Belarus"]
[BlackTeam "Slovenia"]
[WhiteTeamCountry "BLR"]
[BlackTeamCountry "SLO"]
[TimeControl "40/5400+30:1800+30"]

1. d4 Nf6 2. c4 g6 3. g3 d6 4. Nc3 Bg7 5. Bg2 O-O 6. Nf3 Nbd7 7. O-O e5 8. e4 exd4 9. Nxd4 Re8 10. h3 Nc5 11. Re1 Bd7 12. Kh2 h6 13. Rb1 a5 14. Ndb5 Bc6 15. f3 h5 16. Be3 Nfd7 17. h4 Be5 18. Bg5 Qb8 19. Nd5 Ne6 20. Be3 Bxb5 21. cxb5 c6 22. bxc6 bxc6 23. Nc3 Nf6 24. Bf2 Qc7 25. Kg1 Nd7 26. f4 Bg7 27. Rc1 Rab8 28. b3 c5 29. Ne2 Nf6 30. Kh1 Ng4 31. Bg1 Qe7 32. Qd2 Rb4 33. Nc3 Nc7 34. e5 dxe5 35. Nd5 Nxd5 36. Bxc5 Qd8 37. Qxd5 Rb8 38. Bd6 e4 39. Qc5 Rb4 40. Qc7 Qxc7 41. Rxc7 Rd4 42. Bc5 Rd2 43. Bg1 e3 44. Bc6 Re6 45. Bb5 Bd4 46. Bc4 Rf6 47. a4 Bb6 48. Rb7 Bc5 49. Rc7 Bb6 50. Rb7 Bc5 51. Rc7 Rf5 52. Rb7 Bb4 53. Re2 Rd1 54. Kg2 Bd2 55. Rd7 Rc1 56. Rexd2 exd2 57. Rxd2 Kf8 58. Bd4 Re1 59. Bd3 Rd5 60. Bc4 Rf5 61. Bd3 Rd5 62. Bc4 Rf5 63. Bd3 1/2-1/2

[Event "EYTCC U18 Open 2019"]
[Site "Pardubice"]
[Date "2019.07.12"]
[Round "2.7"]
[White "Tisaj, Domen"]
[Black "Tsaruk, Maksim"]
[Result "1/2-1/2"]
[ECO "E46"]
[WhiteElo "2232"]
[BlackElo "2230"]
[Annotator "NA"]
[PlyCount "188"]
[EventDate "2019.07.11"]
[EventType "swiss"]
[EventCountry "CZE"]
[SourceTitle "playchess.com"]
[Source "ChessBase"]
[SourceQuality "1"]
[WhiteTeam "Slovenia"]
[BlackTeam "Belarus"]
[WhiteTeamCountry "SLO"]
[BlackTeamCountry "BLR"]
[TimeControl "40/5400+30:1800+30"]

1. d4 Nf6 2. c4 e6 3. Nc3 Bb4 4. e3 O-O 5. Nge2 c6 6. a3 Ba5 7. Ng3 d5 8. Be2 Nbd7 9. O-O Bc7 10. b4 dxc4 11. Bxc4 e5 12. Be2 exd4 13. Qxd4 Ne5 14. Rd1 Qxd4 15. Rxd4 Bb6 16. Rd1 Be6 17. Na4 Bb3 18. Nxb6 axb6 19. Rf1 Rfe8 20. Bb2 b5 21. Rfc1 Rad8 22. Bd4 Bd5 23. a4 Nc4 24. axb5 cxb5 25. Bxf6 gxf6 26. Nf5 Nd6 27. Nxd6 Rxd6 28. Bxb5 Re4 29. Rab1 Rb6 30. Rc5 Bc6 31. Bxc6 bxc6 32. b5 Rxb5 33. Rbxb5 cxb5 34. Rxb5 Kg7 35. h3 Ra4 36. g4 h6 37. Kg2 Ra2 38. Kg3 Kg6 39. f3 Ra3 40. Kf4 Ra4+ 41. e4 Ra1 42. Rb6 Kg7 43. h4 Ra3 44. Rb5 Rc3 45. Rb2 Ra3 46. Re2 Kg6 47. Re3 Ra1 48. Rd3 Ra5 49. Rd5 Ra3 50. g5 fxg5+ 51. hxg5 hxg5+ 52. Rxg5+ Kf6 53. Rb5 Ra6 54. Rd5 Ke6 55. Kg5 Ra1 56. Rb5 f6+ 57. Kg4 Rg1+ 58. Kf4 Rg2 59. Rh5 Rg1 60. Rh6 Ra1 61. Rh8 Rg1 62. Re8+ Kf7 63. Rb8 Ke6 64. Rb6+ Kf7 65. Ke3 Re1+ 66. Kf2 Ra1 67. Rd6 Ke7 68. Rd3 Ra4 69. Kg3 Ke6 70. Rb3 Ra1 71. Rb6+ Kf7 72. f4 Rg1+ 73. Kf3 Re1 74. Rb7+ Kf8 75. Rc7 Kg8 76. Kg4 Rxe4 77. Kf5 Re1 78. Kg6 Rg1+ 79. Kxf6 Rf1 80. f5 Ra1 81. Rc8+ Kh7 82. Re8 Ra6+ 83. Re6 Ra5 84. Re5 Ra6+ 85. Kf7 Ra7+ 86. Re7 Ra8 87. f6 Rb8 88. Rd7 Ra8 89. Ke6+ Kg6 90. Rg7+ Kh6 91. Rc7 Kg6 92. Ke7 Rb8 93. Ra7 Rc8 94. f7 Kg7 1/2-1/2

[Event "EYTCC U18 Open 2019"]
[Site "Pardubice"]
[Date "2019.07.12"]
[Round "2.8"]
[White "Runets, Ivan"]
[Black "Marn, Jan"]
[Result "1-0"]
[ECO "C72"]
[WhiteElo "2239"]
[BlackElo "2215"]
[Annotator "NA"]
[PlyCount "115"]
[EventDate "2019.07.11"]
[EventType "swiss"]
[EventCountry "CZE"]
[SourceTitle "playchess.com"]
[Source "ChessBase"]
[SourceQuality "1"]
[WhiteTeam "Belarus"]
[BlackTeam "Slovenia"]
[WhiteTeamCountry "BLR"]
[BlackTeamCountry "SLO"]
[TimeControl "40/5400+30:1800+30"]

1. e4 e5 2. Nf3 Nc6 3. Bb5 a6 4. Ba4 d6 5. O-O Bd7 6. d4 b5 7. Bb3 Nxd4 8. Nxd4 exd4 9. c3 dxc3 10. Nxc3 Nf6 11. Bg5 Be7 12. Re1 h6 13. Bh4 b4 14. Nd5 Nxd5 15. exd5 g5 16. Bg3 Kf8 17. Ba4 Bf6 18. Bxd7 Qxd7 19. Qb3 h5 20. f3 h4 21. Bf2 g4 22. Re4 g3 23. hxg3 hxg3 24. Bxg3 Rg8 25. Kf2 Qb5 26. Bf4 a5 27. a4 Qd7 28. Rae1 Rg6 29. Rh1 Re8 30. Rhe1 Rxe4 31. Rxe4 Qf5 32. g4 Bh4+ 33. Ke2 Qc8 34. Qc4 Qb7 35. b3 Bg5 36. Bg3 Rh6 37. f4 Rh3 38. Qd4 Bd8 39. Kf3 f6 40. Kg2 Rh7 41. Re6 Rf7 42. g5 c5 43. Qe4 Be7 44. g6 f5 45. Qd3 Rf6 46. Rxf6+ Bxf6 47. Qxf5 Qe7 48. Kf3 Kg8 49. Qe4 Qd7 50. Ke3 Kg7 51. f5 Qa7 52. Kf3 Qa6 53. Qe2 Qc8 54. Kg4 c4 55. bxc4 b3 56. Bxd6 b2 57. Qe4 Qb7 58. Qe8 1-0